 Dungeon Crawl Stone Soup version 0.29-a0-275-g389c0b56f3 (webtiles) character file.

Game seed: 13758857169952434231

67 spaghetti the Skirmisher (level 4, -4/38 HPs)
             Began as a Demonspawn Delver on Mar 12, 2022.
             Slain by an orc warrior
             ... wielding a +0 flail
              (17 damage)
             ... on level 5 of the Dungeon.
             The game lasted 00:00:41 (398 turns).

spaghetti the Skirmisher (Demonspawn Delver)         Turns: 398, Time: 00:00:42

Health: -4/38      AC:  5    Str: 14    XL:     4   Next: 0%
Magic:  4/4        EV: 11    Int: 11    God:
Gold:   15         SH:  0    Dex: 15    Spells: 3/3 levels left

rFire   . . .      SeeInvis .   a - +0 mace {mace}
rCold   . . .      Faith    .   (no shield)
rNeg    . . .      Spirit   .   b - +0 leather armour
rPois   .          Reflect  .   (no helmet)
rElec   .          Harm     .   (no cloak)
rCorr   .          Rampage  .   (no gloves)
Will    .....                   (no boots)
Stlth   +++.......              (no amulet)
HPRegen 0.12/turn               (no ring)
MPRegen 0.09/turn               (no ring)

@: no status effects
A: icy blue scales 1, ignite blood 1
a: no special abilities


You were on level 5 of the Dungeon.
You visited 1 branch of the dungeon, and saw 2 of its levels.

You collected 15 gold pieces.


Innate Abilities, Weirdness & Mutations

You are partially covered in icy blue scales. (AC +2)
Your demonic aura sometimes causes spilled blood to erupt in flames.


   Skills:
 + Level 4.9 Fighting
 - Level 1.7 Maces & Flails
 - Level 1.7 Dodging
 - Level 4.5 Stealth


You had 3 spell levels left.
You didn't know any spells.
Your spell library contained the following spells:

 Spells                   Type           Power      Damage    Failure   Level
 Gell's Gravitas          Tloc           0%         N/A       80%         3
 Lesser Beckoning         Tloc           0%         N/A       80%         3
 Teleport Other           Tloc           0%         N/A       80%         3

Inventory:

Hand Weapons
 a - a +0 mace (weapon) {mace}
Armour
 b - a +0 leather armour (worn)
Wands
 g - a wand of digging (3)
Scrolls
 c - a scroll of fog
 d - a scroll of magic mapping {!r}
 f - a scroll of teleportation {unknown}

Dungeon Overview and Level Annotations

Branches:
Dungeon (6/15)
 Temple: D:4-7

Altars:

### #.. #.. ##.. #
## #...####o# #.
...#!.@o.#
##.##.##.#####
##...#.##.#######
##......##.#......
##..............(..
#..................
#..................
#.......†.###.##.#.
##.#......# .# ..


You could see an orc warrior and an orc.


Message History

No target in range!
No target in range!
No target in range!
No target in range!
No target in range!
No target in range!
No target in range!
No target in range!
You completely miss the adder. The adder closely misses you.
The adder completely misses you.
You closely miss the adder. The adder bites you but does no damage.
You closely miss the adder. The adder misses you. The adder bites you.
You are poisoned.
The adder poisons you! 😕 HP[-2]
You take 2 damage, and now have 29/31 hp.
You hit the adder.
You feel sick.
The adder bites you but does no damage. x2 😕 HP[-2]
You take 2 damage, and now have 27/31 hp.
You hit the adder.
You feel sick.
The adder is engulfed in blazing flames.
You kill the adder!
You have reached level 4!
You feel agile. 😕 HP[+3] MP[+1]
You now have 38 max hp (+7).
You regained 3 hp, and now have 30/38 hp.
Your mp is fully restored (4).
You start resting.
You feel sick. x3
You are no longer poisoned. 😎 HP[+8]
Your hp is fully restored (38).
f - a scroll labelled SUTYGA JAMA An orc comes into view.
It is wielding a +0 mace.
An orc is nearby!
An orc is nearby!
No target in range!
No target in range!
No target in range!
No target in range!
No target in range!
No target in range!
No target in range!
No target in range!
The orc shouts!
You hear a shout! x4
An orc wizard comes into view. It is wielding a +0 dagger.
You hit the orc.
The orc hits you with a +0 mace. 😕 HP[-2]
You take 2 damage, and now have 36/38 hp.
You completely miss the orc. The orc completely misses you.
You closely miss the orc. The orc hits you with a +0 mace.
The orc wizard casts a spell.
The orc wizard flickers and vanishes!
Deactivating autopickup; reactivate with Ctrl-A.
The orc hits you with a +0 mace. 😕 HP[-4]
You take 4 damage, and now have 32/38 hp.
You completely miss the orc. The orc completely misses you.
You hit the orc but do no damage. The orc hits you but does no damage.
You hit the orc. The orc closely misses you.
You hit something. Something hits you but does no damage.
You miss something.
An orc comes into view. It is wielding a +0 club.
Something hits you. 😕 HP[-2]
You take 2 damage, and now have 30/38 hp.
You miss something.
You hear some strange, mumbled words.
Something tries to affect you, but you resist.
Something hits you.
An orc warrior comes into view. It is wielding a +0 flail. 😮 HP[-2]
You take 2 damage, and now have 28/38 hp.
You miss something. You barely miss the orc warrior. You hit the orc warrior.
Your punch misses the orc warrior.
The orc warrior hits you with a +0 flail.
The orc warrior hits you with a +0 flail!
* * * LOW HITPOINT WARNING * * *
😨 HP[-9]
You take 9 damage, and now have 19/38 hp.
MASSIVE DAMAGE!! (PAUSE)
You aren't carrying any potions.
As you read the scroll of fear, it crumbles to dust.
You assume a fearsome visage.
The orc warrior looks frightened!
The orc looks frightened!
Unknown command.
You closely miss the orc warrior.
Cornered, the orc warrior turns to fight!
You hit the orc warrior.
The orc warrior hits you with a +0 flail!
* * * LOW HITPOINT WARNING * * *
😨 HP[-7]
You take 7 damage, and now have 12/38 hp.
Unknown command.
Unknown command.
Unknown command.
You hit the orc warrior.
The orc warrior hits you with a +0 flail!
You die...

Skill      XL: |  1 |
---------------+----+-----
Fighting       | 4 |  4.9
Maces & Flails | |  1.7
Dodging        | |  1.7
Stealth        | |  4.5

Action                   |  1- 3 |  4- 6 || total
-------------------------+-------+-------++-------
Melee: Mace              |    12 |    15 ||    27
Throw: Javelin           |     4 |       ||     4
  Use: Potion            |     1 |       ||     1
       Scroll            |       |     1 ||     1
Armor: Leather armour    |     3 |     2 ||     5
Dodge: Dodged            |    11 |     3 ||    14

Levels and vault maps discovered:
D:5:      layout_loops_ring, uniq_grinder
D:6:      layout_layer_cave, hangedman_decor_diamond_cutter,
          kennysheep_nondescript

Notes
Turn   | Place    | Note
-------+----------+-------------------------------------------
     0 | D:5      | spaghetti the Demonspawn Delver began the quest for the
                  | Orb.
     0 | D:5      | Reached XP level 1. HP: 18/18 MP: 1/1
     0 | D:5      | magus.rc [v1.9.6]
    30 | D:6      | Noticed a scorpion
    42 | D:6      | Killed a scorpion
    43 | D:6      | Reached skill level 4 in Fighting
    43 | D:6      | Gained mutation: Your demonic aura sometimes causes spilled
                  | blood to erupt in flames. [demonic ancestry]
    43 | D:6      | Reached XP level 2. HP: 9/26 MP: 2/2
    43 | D:6      | Gained mutation: You are partially covered in icy blue
                  | scales. (AC +2) [demonic ancestry]
    43 | D:6      | Reached XP level 3. HP: 11/31 MP: 3/3
   264 | D:5      | You pick up a book of Displacement and begin reading...
   264 | D:5      | You add the spells Lesser Beckoning, Gell's Gravitas and
                  | Teleport Other to your library.
   286 | D:5      | Reached XP level 4. HP: 30/38 MP: 4/4
   392 | D:5      | Noticed an orc warrior
   398 | D:5      | Slain by an orc warrior

Vanquished Creatures
  A scorpion (D:6)
  An adder (D:5)
2 creatures vanquished.

Table legend:
 A = Non-vault XP
 B = Vault XP
 C = Vault XP percentage of total XP
 D = Non-vault monster count
 E = Vault monster count
 F = Vault count percentage of total count
                 A         B        C        D         E       F
            +---------+---------+-------+---------+---------+-------
      Total |      97 |       0 |   0.0 |       2 |       0 |   0.0
            +---------+---------+-------+---------+---------+-------
        D:5 |      14 |       0 |   0.0 |       1 |       0 |   0.0
        D:6 |      83 |       0 |   0.0 |       1 |       0 |   0.0
            +---------+---------+-------+---------+---------+-------

Illustrated notes

Table legend:
 A = Kills in this place as a percentage of kills in entire the game.
 B = Kills by you in this place as a percentage of kills by you in the entire game.
 C = Kills by friends in this place as a percentage of kills by friends in the entire game.
 D = Other kills in this place as a percentage of other kills in the entire game.
 E = Experience gained in this place as a percentage of experience gained in the entire game.
 F = Experience gained in this place divided by the number of levels of this place that you have seen.
                   A       B       C       D       E      F
               +-------+-------+-------+-------+-------+----------------------
         Total | 100.0 | 100.0 |   N/A |   N/A | 100.0 |  48.5
       Dungeon | 100.0 | 100.0 |   N/A |   N/A | 100.0 |  48.5
               +-------+-------+-------+-------+-------+----------------------

Table legend: (Time is in decaauts)
 A = Elapsed time spent in this place.
 B = Non-inter-level travel time spent in this place.
 C = Inter-level travel time spent in this place.
 D = Time resting spent in this place.
 E = Time spent auto-exploring this place.
 F = Levels seen in this place.
 G = Mean time per level.
                   A        B        C        D        E       F      G
               +--------+--------+--------+--------+--------+-----+--------+
         Total |    389 |    383 |      6 |    251 |     74 |   2 |  194.5 |
       Dungeon |    389 |    383 |      6 |    251 |     74 |   2 |  194.5 |
               +--------+--------+--------+--------+--------+-----+--------+

Top non-repeatable levels by time:
     D:6: 208 daAuts
     D:5: 180 daAuts
